Map: 2000 Atmospheres LE

Players

TeebuL

  • Race: Protoss Protoss

Trap - Winner!

  • Race: Protoss Protoss

Event: DreamHack SC2 Masters 2021 Winter

VOD

Have the link to the VOD?

Description

Time

  • Played on: Nov. 9, 2021, 8:25 a.m.
  • Length: 7:57

All games in this series

Show
View Real Time Build Order
Export as new Build Order

TeebuL Protoss 

Build Orders:  

Get SALT Encoding   

  12  0:00  Probe  
  13  0:12  Probe  
  14  0:17  Pylon  
  14  0:24  Probe (Chrono Boost)  
  15  0:37  Gateway, Probe (Chrono Boost)  
  16  0:42  Probe (Chrono Boost)  
  17  0:50  Assimilator  
  17  0:52  Probe (Chrono Boost)  
  18  0:59  Assimilator  
  18  1:04  Probe (Chrono Boost)  
  18  1:08  Gateway  
  19  1:13  Probe (Chrono Boost)  
  20  1:18  Probe  
  21  1:25  Cybernetics Core  
  21  1:31  Probe  
  22  1:39  Pylon  
  22  1:43  Probe  
  23  2:01  Adept x2  
  23  2:06  Warp Gate (Chrono Boost)  
  27  2:12  Pylon  
  27  2:17  Probe  
  28  2:31  Adept x2  
  31  2:51  Nexus  
  31  2:57  Shield Battery  
  33  3:24  Robotics Facility  
  33  3:30  Pylon  
  33  3:33  Shield Battery  
  31  3:39  Gateway  
  27  3:44  Sentry  
  27  3:45  Stalker  
  30  3:49  Probe  
  30  3:55  Pylon  
  31  3:56  Gateway  
  31  4:11  Stalker x2  
  37  4:17  Probe (Chrono Boost)  
  35  4:30  Probe (Chrono Boost)  
  36  4:35  Probe (Chrono Boost)  
  33  4:44  Nexus, Probe  
  32  4:47  Observer  
  33  4:56  Probe  
  33  4:57  Twilight Council  
  33  4:58  Sentry  
  33  4:59  Sentry  
  38  5:08  Probe  
  39  5:18  Phoenix  
  39  5:20  Probe (Chrono Boost)  
  40  5:32  Probe (Chrono Boost)  
  41  5:35  Blink  
  41  5:37  Probe (Chrono Boost)  
  41  5:40  Pylon  
  40  5:46  Probe  
  39  5:58  Stalker x3  
  39  5:59  Probe  
  39  6:00  Probe  
  45  6:11  Probe  
  42  6:12  Probe  
  40  6:20  Observer  
  40  6:24  Probe (Chrono Boost)  
  41  6:26  Probe (Chrono Boost)  
  41  6:35  Robotics Bay, Probe (Chrono Boost)  
  41  6:37  Observer  
  41  6:39  Probe (Chrono Boost)  
  43  6:40  Probe (Chrono Boost)  
  43  6:44  Stalker x2  
  48  6:47  Probe  
  48  6:50  Probe  
  50  6:56  Observer  
  50  6:59  Probe (Chrono Boost)  
  51  7:07  Probe (Chrono Boost)  
  52  7:11  Probe (Chrono Boost)  
  52  7:14  Assimilator  
  54  7:16  Probe (Chrono Boost)  
  54  7:17  Assimilator, Probe (Chrono Boost)  
  55  7:23  Shield Battery  
  55  7:24  Shield Battery  
  55  7:25  Probe  
  55  7:26  Probe, Sentry  
  62  7:35  Shield Battery  
  62  7:44  Stalker x2  
Show
View Real Time Build Order
Export as new Build Order

Trap Protoss - Winner!

Build Orders:  

Get SALT Encoding   

  12  0:00  Probe  
  13  0:12  Probe  
  14  0:18  Pylon  
  14  0:24  Probe (Chrono Boost)  
  15  0:36  Gateway, Probe (Chrono Boost)  
  16  0:45  Assimilator, Probe (Chrono Boost)  
  17  0:51  Probe  
  17  0:55  Assimilator  
  18  1:03  Probe (Chrono Boost)  
  19  1:08  Gateway  
  19  1:13  Probe (Chrono Boost)  
  19  1:18  Probe (Chrono Boost)  
  20  1:23  Cybernetics Core  
  21  1:29  Probe  
  22  1:34  Pylon  
  22  1:41  Probe  
  24  1:59  Adept  
  24  2:00  Adept, Warp Gate  
  28  2:04  Robotics Facility  
  27  2:15  Pylon  
  27  2:26  Pylon  
  27  2:33  Stalker  
  27  2:34  Stalker  
  31  2:43  Probe  
  32  2:50  Warp Prism (Chrono Boost)  
  35  3:01  Shield Battery  
  35  3:05  Probe  
  34  3:18  Shield Battery  
  38  3:33  Nexus  
  34  3:35  Probe  
  36  3:49  Shield Battery  
  36  3:55  Stalker  
  37  3:56  Stalker  
  37  3:57  Pylon  
  39  4:11  Pylon  
  39  4:13  Immortal (Chrono Boost)  
  43  4:23  Stalker, Sentry  
  47  4:30  Shield Battery  
  47  4:34  Shield Battery  
  47  4:38  Probe  
  48  4:45  Observer (Chrono Boost)  
  49  4:47  Probe  
  49  4:50  Probe  
  49  4:52  Stalker, Sentry  
  55  5:00  Probe (Chrono Boost)  
  57  5:07  Probe (Chrono Boost)  
  57  5:08  Twilight Council  
  57  5:12  Probe (Chrono Boost)  
  58  5:17  Probe x2 (Chrono Boost)  
  60  5:26  Probe  
  60  5:27  Probe  
  62  5:35  Blink (Chrono Boost)  
  66  5:37  Pylon  
  66  5:39  Adept x2  
  66  5:43  Probe x2, Pylon  
  68  5:58  Immortal (Chrono Boost)  
  68  6:01  Probe  
  68  6:02  Probe  
  72  6:15  Probe x2  
  72  6:17  Stalker x2  
  74  6:22  Gateway  
  74  6:23  Gateway  
  72  6:31  Immortal (Chrono Boost)  
  76  6:36  Gateway  
  76  6:42  Assimilator  
  76  6:44  Stalker, Sentry  
  80  6:50  Pylon  
  80  6:55  Pylon  
  80  7:07  Immortal (Chrono Boost)  
  84  7:17  Stalker x3  
  84  7:18  Stalker  
  92  7:24  Pylon  
  92  7:26  Probe x2  

Tags
 
Add a new tag
Caveats
  • Supply blocks, unpowered buildings, or Contaminate may cause inaccurate times.
  • Supply counts are checked every 10 seconds.